 Dungeon Crawl Stone Soup version 0.17.0-7-gfadd4cc (webtiles) character file.

4806 dorian the Cleaver (level 10, -13/74 HPs)
             Began as a Minotaur Gladiator on Nov 8, 2015.
             Was a Follower of Ru.
             Mangled by an orc warrior
             ... wielding a +0 mace
              (16 damage)
             ... on level 8 of the Dungeon.
             The game lasted 00:17:17 (9731 turns).

dorian the Cleaver (Minotaur Gladiator)             Turns: 9731, Time: 00:17:18

Health: -13/74     AC:  9    Str: 29    XL:     10   Next: 24%
Magic:  9/9        EV: 12    Int:  5    God:    Ru [*.....]
Gold:   366        SH:  0    Dex: 10    Spells: 0 memorised, 9 levels left

rFire  + . .     SeeInvis .     j - +0 battleaxe (freeze)
rCold  + + .     Clarity  .     G - +1 ring mail {rC+}
rNeg   . . .     SustAt   .     (shield currently unavailable)
rPois  .         Gourm    .     c - +1 hat
rElec  .         Spirit   .     (no cloak)
rCorr  .         Warding  .     (no gloves)
rMut   .         Stasis   +     (no boots)
MR     .....                    t - amulet of stasis
Stlth  ..........               v - ring of protection from fire
                                H - ring of protection from cold

@: mighty, lethally poisoned (-13 -> -13), no scrolls, not resistant to hostile
enchantments, extremely unstealthy
A: retaliatory headbutt, horns 2, inability to read while threatened
a: Renounce Religion


You were on level 8 of the Dungeon.
You worshipped Ru.
Ru was aware of your devotion.
You were not hungry.

You visited 1 branch of the dungeon, and saw 8 of its levels.

You collected 366 gold pieces.

Inventory:

Hand Weapons
 a - a +1 war axe
 j - a +0 battleaxe of freezing (weapon)
Missiles
 d - 3 throwing nets (quivered)
 f - 15 tomahawks
Armour
 b - a +0 leather armour
 c - a +1 hat (worn)
 C - a +2 leather armour of magic resistance
 G - a +1 ring mail of cold resistance (worn)
Jewellery
 t - an amulet of stasis (around neck)
 v - a ring of protection from fire (right hand)
 H - a ring of protection from cold (left hand)
 N - an uncursed amulet of faith
Wands
 m - a wand of fire (9)
 I - a wand of flame (23)
 P - a wand of flame (28)
 R - a wand of lightning (15)
Scrolls
 h - 4 scrolls of remove curse
 i - 8 scrolls of identify
 l - 5 scrolls of enchant weapon
 q - 3 scrolls of blinking
 y - 2 scrolls of teleportation
 F - a scroll of recharging
 M - a scroll of fog
Potions
 g - a potion of cure mutation
 p - a potion of agility
 u - a potion of haste
 z - 2 potions of curing
Books
 s - an Akashic Record

   Spells                             Type                      Level
   a - Dispersal                      Translocation                6
   b - Malign Gateway                 Summoning/Translocation      7
   c - Disjunction                    Translocation                8
   d - Controlled Blink               Translocation                8
 E - a book of Dreams

   Spells                             Type                      Level
   a - Ensorcelled Hibernation        Hexes/Ice                    2
   b - Phase Shift                    Translocation                5
   c - Shadow Creatures               Summoning                    5
   d - Silence                        Hexes/Air                    5
   e - Darkness                       Hexes                        6
   f - Mass Confusion                 Hexes                        6
 L - a book of the Warp

   Spells                             Type                      Level
   a - Recall                         Summoning/Translocation      3
   b - Gell's Gravitas                Hexes/Translocation          3
   c - Force Lance                    Conjuration/Translocation    4
   d - Phase Shift                    Translocation                5
   e - Warp Weapon                    Charms/Translocation         5
   f - Summon Forest                  Summoning/Translocation      5
 O - a book of Summonings

   Spells                             Type                      Level
   a - Recall                         Summoning/Translocation      3
   b - Aura of Abjuration             Summoning                    5
   c - Shadow Creatures               Summoning                    5
   d - Summon Demon                   Summoning                    5
   e - Summon Forest                  Summoning/Translocation      5
   f - Summon Mana Viper              Hexes/Summoning              5
Comestibles
 e - 8 bread rations
 r - 5 fruits
 w - 9 slices of pizza
 x - 6 meat rations
 D - 2 beef jerkies


   Skills:
 - Level 2.4 Fighting
 * Level 14.4 Axes
 - Level 2.0 Throwing
 + Level 10.3 Armour
 - Level 3.2 Dodging


You had 9 spell levels left.
You didn't know any spells.

Dungeon Overview and Level Annotations

Branches:
Dungeon (8/15)             Temple (0/1) D:4
   Lair: D:8-11

Altars:
Gozag
Kikubaaqudgha
Okawaru
Ru
Trog
Vehumet
Zin
The Shining One


Innate Abilities, Weirdness & Mutations

You reflexively headbutt those who attack you in melee.
You have a pair of horns on your head.
You cannot read scrolls while threatened.


Message History

The orc warrior hits you with a mace!!
* * * LOW HITPOINT WARNING * * *
A giant gecko comes into view.
You are too injured to fight recklessly!
The orc knight closely misses you. You furiously retaliate!
You headbutt the orc knight, but do no damage.
The orc warrior hits you with a mace!
* * * LOW HITPOINT WARNING * * *
An orc comes into view.
The orc shouts!
You slash the orc knight! You freeze the orc knight.
The orc knight is moderately wounded.
You barely miss the orc warrior. You closely miss the orc knight.
You headbutt the orc knight, but do no damage.
The orc knight is moderately wounded.
You hit the orc warrior. You freeze the orc warrior.
The orc warrior is moderately wounded.
You feel sick. The orc warrior hits you with a mace!
You die...

#.....))...####.#.##.##
#.....................#
#.....[......####.#..##
...............#.# #.#..#
...##...#......#.# #.#..#
.. #..........#.####.#..##
#..#..................#
#..#.>.....#o##.#.#.###
......o..l.o@.).....#####
..........)[.............#
≈≈≈≈≈≈≈)≈≈≈≈≈≈≈≈≈≈...P#
≈≈≈≈≈≈≈≈≈≈≈≈≈≈≈≈≈≈....#
≈≈≈≈≈≈≈≈≈≈≈#####≈≈)...#
...........#...#≈≈))..#
############...#≈≈....#
#'###≈≈....# #.≈≈≈....#


You could see an orc knight, an orc warrior (frenzied), an orc (frenzied) and a
giant gecko.

Vanquished Creatures
  A human (D:7)
  A hungry ghost (D:7)
  14 wargs
  A water moccasin (D:6)
  Purgy (D:4)
  2 phantoms (D:4)
  A sky beast (D:5)
  2 ogres
  An ice beast (D:7)
  A big kobold (D:7)
  5 giant frogs
  A wyvern zombie (D:7)
  A gnoll sergeant (D:8)
  2 scorpions
  3 killer bees (D:7)
  2 water moccasin skeletons
  A wasp zombie (D:5)
  3 wights (D:6)
  3 crimson imps
  3 giant frog skeletons
  2 giant frog zombies
  A jelly (D:7)
  3 orc priests
  4 orc wizards
  8 worker ants
  5 hounds
  A killer bee zombie (D:6)
  4 sheep (D:7)
  A hound skeleton (D:4)
  9 gnolls
  A shadow imp (D:6)
  9 adders
  An ooze (D:2)
  An adder zombie (D:5)
  2 adder skeletons
  2 worms
  7 giant geckos
  36 orcs
  A ball python (D:5)
  12 goblins
  7 hobgoblins
  8 jackals
  6 bats
  2 giant cockroaches
  A giant gecko skeleton (D:7)
  8 giant newts
  A jackal skeleton (D:4)
  8 kobolds
  3 quokkas
  A quokka skeleton (D:4)
  4 rats
  A rat zombie (D:7)
  3 plants (D:8)
212 creatures vanquished.

Vanquished Creatures (others)
  A kobold (D:7)
  8 plants (D:8)
9 creatures vanquished.

Grand Total: 221 creatures vanquished

Notes
Turn   | Place    | Note
--------------------------------------------------------------
     0 | D:1      | dorian the Minotaur Gladiator began the quest for the Orb.
     0 | D:1      | Reached XP level 1. HP: 18/18 MP: 0/0
   298 | D:1      | Reached skill level 1 in Armour
   561 | D:1      | Reached XP level 2. HP: 22/25 MP: 1/1
   564 | D:1      | Reached skill level 4 in Axes
  1588 | D:2      | Reached XP level 3. HP: 30/30 MP: 2/2
  2385 | D:3      | Reached skill level 5 in Axes
  2385 | D:3      | Reached XP level 4. HP: 12/37 MP: 3/3
  2700 | D:3      | Reached XP level 5. HP: 30/42 MP: 4/4
  2777 | D:3      | Found a radiant altar of Vehumet.
  3060 | D:3      | Reached skill level 6 in Axes
  3554 | D:4      | Found a glowing silver altar of Zin.
  3585 | D:4      | Noticed a phantom
  3624 | D:4      | Killed a phantom
  3624 | D:4      | Reached XP level 6. HP: 35/50 MP: 5/5
  3704 | D:4      | Found a sacrificial altar of Ru.
  3704 | D:4      | Noticed an ogre
  3710 | D:4      | Killed an ogre
  3710 | D:4      | Reached skill level 7 in Axes
  3720 | D:4      | Became a worshipper of Ru the Awakened
  3891 | D:4      | Reached skill level 5 in Armour
  4016 | D:4      | Noticed Purgy
  4031 | D:4      | Killed Purgy
  4031 | D:4      | Reached XP level 7. HP: 30/56 MP: 6/6
  4264 | D:4      | Reached skill level 8 in Axes
  4334 | D:4      | Found a staircase to the Ecumenical Temple.
  4398 | D:4      | Found an iron altar of Okawaru.
  4730 | D:4      | Reached skill level 9 in Axes
  4775 | D:5      | Entered Level 5 of the Dungeon
  4775 | D:5      | Found an opulent altar of Gozag.
  5178 | D:5      | Gained mutation: You cannot read scrolls while threatened. [Ru sacrifice]
  5178 | D:5      | Reached * piety under Ru
  5237 | D:5      | Found a bloodstained altar of Trog.
  5247 | D:5      | Reached XP level 8. HP: 34/62 MP: 7/7
  5845 | D:5      | Reached skill level 10 in Axes
  6555 | D:6      | Reached skill level 11 in Axes
  7227 | D:7      | Reached XP level 9. HP: 55/68 MP: 8/8
  7328 | D:7      | Reached skill level 12 in Axes
  7924 | D:7      | Found an ancient bone altar of Kikubaaqudgha.
  8400 | D:8      | Reached skill level 13 in Axes
  8422 | D:7      | HP: 3/68 [warg (14)]
  8866 | D:8      | Found a glowing golden altar of the Shining One.
  8946 | D:8      | Reached XP level 10. HP: 26/74 MP: 9/9
  8956 | D:8      | HP: 1/74 [warg (10)]
  8962 | D:8      | Reached skill level 14 in Axes
  8962 | D:8      | Reached skill level 10 in Armour
  8962 | D:8      | HP: 3/74 [warg (11)]
  8967 | D:8      | HP: 2/74 [warg (8)]
  9719 | D:8      | Noticed an orc knight
  9729 | D:8      | HP: 3/74 [orc warrior/mace (14)]
  9731 | D:8      | Mangled by an orc warrior

Action                   |  1- 3 |  4- 6 |  7- 9 | 10-12 || total
-------------------------+-------+-------+-------+-------++-------
Melee: War axe           |    74 |   102 |   327 |       ||   503
       Battleaxe         |       |       |    38 |    56 ||    94
Throw: Tomahawk          |       |     9 |       |       ||     9
       Throwing net      |       |     3 |     2 |       ||     5
Invok: Sacrifice Words   |       |       |     1 |       ||     1
  Use: Potion            |       |     1 |     7 |     5 ||    13
       Scroll            |       |       |    14 |     1 ||    15
  Eat: Beef jerky        |     1 |       |     2 |     1 ||     4
       Chunk             |     3 |     5 |    18 |     1 ||    27
       Fruit             |       |       |     1 |       ||     1
